AoeStats
← iqks3264

Arabia

510522455Analyzed
1v1 RM · 1d ago on Oct 1, 2026· 34m 57s· 2 players
Game mode
Random Map
Map size
Tiny (2 player)
Population
200
Speed
Normal
Resources
Standard
Victory
Conquest
Starting age
Dark Age
Ending age
Imperial Age
RankedLock teamsTeams togetherTeam positionsShared explorationLock speedFull tech treeHidden civsTurbo modeCheats
Victory
Defeat
🇮🇩 Bohemians · Indonesia
699
+14
🇮🇳 Spanish · India
661
-18
iqks3264
8:50 Loom
10:42 Feudal Age
11:08 Double-Bit Axe
11:06 Horse Collar
15:06 Padded Archer Armor
14:57 Fletching
19:16 Castle Age
24:51 Padded Archer Armor
24:41 Fletching
29:00 Bloodlines
28:51 Husbandry
28:48 Gold Mining
28:51 Stone Mining
31:58 Bow Saw
33:04 Wheelbarrow
Miyu.
11:26 Feudal Age
11:04 Loom
12:07 Double-Bit Axe
13:45 Horse Collar
20:28 Forging
20:55 Fletching
24:46 Castle Age
22:47 Man-at-Arms
23:14 Arson
27:31 Iron Casting
27:09 Heavy Plow
28:21 Chemistry
27:43 Ballistics
28:37 Bow Saw
32:03 Bodkin Arrow
32:10 Padded Archer Armor
Connection lost

Rejoining the realm…

Still unreachable

The connection could not be restored.

Session expired

The server has moved on; the page needs a fresh start.